 Dungeon Crawl Stone Soup version 0.23.0 (webtiles) character file.

Game seed: 16080593167864680669

599 Borgoz the Cudgeler (level 7, -3/42 HPs)
             Began as a Gargoyle Gladiator on Feb 9, 2019.
             Slain by a mummy (16 damage)
             ... in an ossuary.
             The game lasted 00:06:29 (4585 turns).

Borgoz the Cudgeler (Gargoyle Gladiator)            Turns: 4585, Time: 00:06:30

Health: -3/42      AC:  9    Str: 17    XL:     7   Next: 41%
Magic:  7/7        EV: 13    Int: 14    God:
Gold:   291        SH:  0    Dex: 13    Spells: 6/6 levels left

rFire    + . .     SeeInvis .   a - +0 flail
rCold    + . .     Gourm    .   (no shield)
rNeg     + . .     Faith    .   b - +0 leather armour
rPois    ∞         Spirit   .   c - +0 helmet
rElec    +         Reflect  .   (no cloak)
rCorr    +         Harm     .   (no gloves)
MR       .....                  (no boots)
Stlth    +.........             (no amulet)
HPRegen  0.14/turn              (no ring)
MPRegen  0.10/turn              (no ring)

@: brilliant, resistant
A: negative energy resistance 1, electricity resistance, unbreathing,
petrification resistance, rot immunity, AC +4
a: no special abilities


You were in an ossuary.
You were not hungry.

You visited 1 branch of the dungeon, and saw 5 of its levels.
You also visited: Ossuary.

You collected 291 gold pieces.

Inventory:

Hand Weapons
 a - a +0 flail (weapon)
Missiles
 d - 3 throwing nets (quivered)
Armour
 b - a +0 leather armour (worn)
 c - a +0 helmet (worn)
 p - a cursed +0 buckler
Jewellery
 u - an uncursed ring of resist corrosion {unknown}
Scrolls
 h - a scroll of remove curse
 m - a scroll of fog {unknown}
 n - 2 scrolls of immolation {unknown}
Potions
 o - a potion of flight
 r - a potion of haste
Comestibles
 f - 10 rations


   Skills:
 + Level 3.8 Fighting
 + Level 6.1 Maces & Flails
 - Level 1.7 Throwing
 + Level 3.1 Armour
 + Level 3.7 Dodging


You had 6 spell levels left.
You didn't know any spells.
Your spell library contained the following spells:

 Spells                   Type           Power        Failure   Level  Hunger
 Confusing Touch          Hex            #.....       4%          1    ##.....
 Confuse                  Hex            #.......     12%         3    ####...
 Gell's Gravitas          Tloc           #.........   12%         3    ####...
 Petrify                  Tmut/Erth      #.......     32%         4    #####..
 Metabolic Englaciation   Hex/Ice        #.........   61%         5    ######.
 Yara's Violent Unravell  Hex/Tmut       #.........   61%         5    ######.


Dungeon Overview and Level Annotations

Branches:
Dungeon (5/15)
 Temple: D:4-7

Altars:
Kikubaaqudgha


Innate Abilities, Weirdness & Mutations

You are resistant to torment.
Your stone body is resilient. (AC +4)
You are immune to poison.
You resist negative energy. (rN+)
You are resistant to electric shocks. (rElec)
You can survive without breathing.
You are immune to petrification.
You are immune to rotting.


Message History

The mummy hits you but does no damage.
You barely miss the mummy.
The mummy is almost destroyed.
The kobold zombie barely misses you. The mummy hits you but does no damage.
You barely miss the mummy.
The mummy is almost destroyed.
The kobold zombie misses you.
You hit the mummy.
You destroy the mummy!
The kobold zombie hits you but does no damage.
You barely miss the kobold zombie. You barely miss the mummy.
You closely miss the mummy. You hit the mummy but do no damage.
The mummy hits you!
You sock the mummy!
The mummy is moderately damaged.
You hit the mummy.
The mummy is heavily damaged.
The mummy hits you!
You die...

......## ###
......## ..
##..##......#
..##....##.....#
...............#
...........ZZ.#
...........ZZ##
#........##M#
#....Z.##.@#
##...Z##....#
#.ZM.#......#
#....#.....!$#
#...Z#....!?$#
#....#.....$$#
#....#....!$##
#....##..!$$#
#....#


You could see a mummy, 2 hobgoblin zombies and 2 kobold zombies.

Vanquished Creatures
  An ogre (D:4)
  A crimson imp (D:5)
  A hound (D:4)
  A human zombie (D:5)
  4 orc wizards (D:4)
  3 human skeletons (D:5)
  5 mummies (Ossuary)
  A howler monkey skeleton (D:4)
  5 adders
  2 oozes
  2 adder skeletons (D:2)
  A worm (D:3)
  3 leopard geckos
  11 orcs
  2 ball pythons
  4 bats
  2 bat skeletons (D:2)
  4 giant cockroaches
  8 goblins
  7 hobgoblins
  9 jackals
  A quokka (D:2)
  3 frilled lizards
  A giant cockroach zombie (D:2)
  A hobgoblin zombie (Ossuary)
  9 kobolds
  2 kobold zombies (Ossuary)
  A leopard gecko zombie (D:4)
  2 orc skeletons (D:5)
  An orc zombie (Ossuary)
  5 rats
103 creatures vanquished.

Notes
Turn   | Place    | Note
-------+----------+-------------------------------------------
     0 | D:1      | Borgoz the Gargoyle Gladiator began the quest for the Orb.
     0 | D:1      | Reached XP level 1. HP: 12/12 MP: 1/1
   264 | D:1      | Reached XP level 2. HP: 17/17 MP: 2/2
   526 | D:1      | Reached XP level 3. HP: 20/21 MP: 3/3
  1168 | D:2      | Reached skill level 1 in Armour
  1257 | D:2      | Reached XP level 4. HP: 21/27 MP: 4/4
  1483 | D:2      | Reached skill level 4 in Maces & Flails
  1759 | D:2      | Found an ancient bone altar of Kikubaaqudgha.
  2354 | D:3      | Reached XP level 5. HP: 30/31 MP: 5/5
  2964 | D:4      | Reached XP level 6. HP: 10/36 MP: 6/6
  3215 | D:4      | Reached skill level 5 in Maces & Flails
  4334 | D:5      | Entered Level 5 of the Dungeon
  4388 | D:5      | Reached XP level 7. HP: 35/41 MP: 7/7
  4488 | D:5      | Found a sand-covered staircase.
  4497 | Ossuary  | Entered an ossuary
  4553 | Ossuary  | Reached skill level 6 in Maces & Flails
  4585 | Ossuary  | Slain by a mummy

Skill      XL: |  1  2  3  4  5  6  7 |
---------------+----------------------+-----
Armour         | 1 2 3 |  3.1
Dodging        | 3 |  3.7
Maces & Flails | 4 5 6 |  6.1
Fighting       | 3 |  3.8
Throwing       | |  1.7

Action                   |  1- 3 |  4- 6 |  7- 9 || total
-------------------------+-------+-------+-------++-------
Melee: Flail             |   157 |   242 |    97 ||   496
  Use: Scroll            |       |     6 |       ||     6
       Potion            |       |       |     5 ||     5
  Eat: Chunk             |     1 |    10 |       ||    11
       Ration            |       |       |     1 ||     1
Armor: Leather armour    |    80 |    96 |    22 ||   198
Dodge: Dodged            |   105 |   184 |    86 ||   375
